 Dungeon Crawl Stone Soup version 0.31-a0-83-gbff143cfd1 (webtiles) character file.

Game seed: 4090899096831457960

5 Esekla the Sneak (level 1, -1/16 HPs)
             Began as an Octopode Delver on May 24, 2023.
             Succumbed to a scorpion's poison
             ... on level 5 of the Dungeon.
             The game lasted 00:02:32 (372 turns).

Esekla the Sneak (Octopode Delver)                   Turns: 372, Time: 00:02:33

Health: -1/16      AC:  1    Str: 11    XL:     1   Next: 80%
Magic:  1/1        EV: 13    Int: 12    God:
Gold:   11         SH:  0    Dex: 13    Spells: 0/0 levels left

rFire   . . .        a - +0 falchion
rCold   . . .        (no shield)
rNeg    . . .        (helmet restricted)
rPois   .            (no amulet)
rElec   .            (no ring)
rCorr   .            (no ring)
SInv    .            (no ring)
Will    .....        (no ring)
Stlth   ++++         (no ring)
HPRegen 0.22/turn    (no ring)
MPRegen 0.07/turn    (no ring)
                     (no ring)

%: no passive effects
@: lethally poisoned (-1 -> -12)
A: almost no armour, amphibious, 8 rings, camouflage 1, gelatinous body 1,
(nimble swimmer 1), tentacles
a: no special abilities


You were on level 5 of the Dungeon.
You visited 1 branch of the dungeon, and saw 1 of its levels.

You collected 11 gold pieces.

Inventory:

Hand Weapons
 a - a +0 falchion (weapon)
 d - a +1 dagger of holy wrath
Jewellery
 c - a ring of protection from cold
Wands
 f - a wand of digging (3)
Scrolls
 b - a scroll of fog
 e - a scroll of immolation {unknown}


   Skills:
 * Level 3.0 Fighting
 * Level 2.0 Long Blades
 * Level 2.0 Dodging
 + Level 6.7 Stealth
 * Level 0.1 Spellcasting


You couldn't memorise any spells.
You didn't know any spells.
Your spell library contained the following spells:

 Spells                   Type           Power      Damage    Failure   Level
 Gell's Gravitas          Tloc           0%         N/A       69%         3
 Teleport Other           Tloc           0%         N/A       69%         3
 Dispersal                Tloc           0%         N/A       100%        6


Dungeon Overview and Level Annotations

Branches:
Dungeon (5/15)             Temple (0/1) D:5

Altars:


Innate Abilities, Weirdness & Mutations

You cannot wear most types of armour.
You are amphibious.
You can wear up to eight rings at the same time.
Your skin changes colour to match your surroundings (Stealth+).
Your rubbery body absorbs attacks. (AC +1, EV +1)
((You are camouflaged when in or above water. (Stealth+)))
You have tentacles for arms and can constrict up to eight enemies at once.


Message History

You see here a +0 scale mail.
Autopickup disabled for wands of charming.
You drop a wand of charming (10).
You open the large door.
There is a large open door here.
There is a large open door here.
A sleepcap comes into view.
Found a scroll of magic mapping.
A jelly comes into view.
Found a robe.
The jelly quivers.
You open the door.
Found a runed dagger.
There is an open door here.
You see here a +1 dagger of holy wrath.
d - a +1 dagger of holy wrath You feel yourself speed up.
You open the door.
There is an open door here.
You see here a scroll labelled RUAMOE YZOTA.
e - a scroll labelled RUAMOE YZOTA The adder hisses angrily.
Your extra speed is starting to run out.
You slash the scorpion! You grab the scorpion.
The scorpion is moderately wounded.
You constrict the scorpion. The scorpion barely misses you.
You hit the scorpion.
The scorpion is severely wounded.
You feel yourself slow down.
You constrict the scorpion. The scorpion stings you!
You hit the scorpion but do no damage. Your squeeze misses the scorpion.
The scorpion is severely wounded.
You constrict the scorpion. The scorpion stings you.
* * * LOW HITPOINT WARNING * * *
You are lethally poisoned!
The scorpion poisons you! The scorpion misses you.
You hit the scorpion but do no damage.
The scorpion is severely wounded.
You constrict the scorpion.
You die...

*,,,,,......?....# *,*****
*******#.........# *,* *
,,,,,,*#.......### *,* *
......*#........# *,* *
......*#..[...[.# *,* *
......+..#..###.#**********,*
*** ......##*#..#
#........,,,,,* *,+ ......*
#..###########****** *,*
.[...?## #.....s@....# *,*
,#.....# #.#########'#######
*,, ,**,*#.# #.....#
#........# ***
,,,,*#.#######.# #........#
###**#.........# #........#
..# ####...#### ##'#######
#.####..s.....># ##.# *..#
#......##.##+#+####..###.#####
...<...##.#..................#


You could see a scorpion.

Vanquished Creatures
  An ufetubus (D:5)
1 creature vanquished.

Notes
Turn   | Place    | Note
-------+----------+-------------------------------------------
     0 | D:5      | Esekla the Octopode Delver began the quest for the Orb.
     0 | D:5      | Reached XP level 1. HP: 16/16 MP: 1/1
    24 | D:5      | Noticed an ice beast
   201 | D:5      | Found a staircase to the Ecumenical Temple.
   202 | D:5      | Noticed a scorpion
   248 | D:5      | Noticed a sleepcap
   282 | D:5      | Noticed a jelly
   372 | D:5      | Succumbed to a scorpion's poison

Illustrated notes

Levels and vault maps discovered:
D:5:      layout_basic, mainiacjoe_overflow_alcove_1, minmay_temple_entry_glass,
          grunt_tough_drop, uniq_pikel

Action                     || total
---------------------------++-------
  Melee: Falchion          ||     5
         Constrict         ||     2
         Tentacles         ||     1
    Use: Scroll            ||     2
         Potion            ||     1
  Dodge: Dodged            ||     4

Table legend: (Time is in decaauts)
 A = Elapsed time spent in this place.
 B = Non-inter-level travel time spent in this place.
 C = Inter-level travel time spent in this place.
 D = Time resting spent in this place.
 E = Time spent auto-exploring this place.
 F = Levels seen in this place.
 G = Mean time per level.
                   A        B        C        D        E       F      G
               +--------+--------+--------+--------+--------+-----+--------+
         Total |    352 |    352 |      0 |    100 |      0 |   1 |  352.0 |
       Dungeon |    352 |    352 |      0 |    100 |      0 |   1 |  352.0 |
               +--------+--------+--------+--------+--------+-----+--------+

Top non-repeatable levels by time:
     D:5: 352 daAuts
